 Dungeon Crawl Stone Soup version 0.29-a0-2-g12fcac58f8 (webtiles) character file.

Game seed: 3517938292384808892

86 comborobin the Ruffian (level 4, 33/40 HPs)
             Began as a Troll Transmuter on Jan 27, 2022.
             Quit the game on level 3 of the Dungeon.
             The game lasted 00:00:43 (208 turns).

comborobin the Ruffian (Troll Transmuter)            Turns: 208, Time: 00:00:44

Health: 33/40      AC:  4    Str: 18    XL:     4   Next: 26%
Magic:  4/4        EV: 10    Int:  9    God:
Gold:   35         SH:  0    Dex: 12    Spells: 4/5 levels left

rFire   . . .      SeeInvis .     - Unarmed
rCold   . . .      Faith    .   (no shield)
rNeg    . . .      Spirit   .   a - +0 robe
rPois   .          Reflect  .   (helmet restricted)
rElec   .          Harm     .   (no cloak)
rCorr   .          Rampage  .   (gloves unavailable)
Will    .....                   (boots unavailable)
Stlth   +.........              (no amulet)
HPRegen 0.93/turn               (no ring)
MPRegen 0.09/turn               (no ring)

@: mildly poisoned (33 -> 32)
A: large, unfitting armour, claws 3, regeneration 1, shaggy fur 1, tough skin 1
a: no special abilities


You were on level 3 of the Dungeon.
You visited 1 branch of the dungeon, and saw 3 of its levels.

You collected 35 gold pieces.

Inventory:

Armour
 a - a +0 robe (worn)
Scrolls
 c - a scroll of identify {unknown}
Potions
 b - a potion of flight {unknown}


   Skills:
 - Level 0.7 Fighting
 - Level 1.5 Dodging
 + Level 5.1 Unarmed Combat
 - Level 1.2 Spellcasting
 - Level 1.3 Transmutations


You had 4 spell levels left.
You knew the following spells:

 Your Spells              Type           Power      Damage    Failure   Level
a - Beastly Appendage     Tmut           6%         N/A       21%         1

Your spell library contained the following spells:

 Spells                   Type           Power      Damage    Failure   Level
 Wereblood                Tmut           3%         N/A       30%         2
 Spider Form              Tmut/Pois      1%         N/A       63%         3
 Ice Form                 Ice/Tmut       1%         N/A       95%         4


Dungeon Overview and Level Annotations

Branches:
Dungeon (3/15)

Altars:


Innate Abilities, Weirdness & Mutations

You are too large for most types of armour.
You have claws for hands.
Your natural rate of healing is unusually fast.
You are covered in fur. (AC +1)
You have tough skin. (AC +1)


Message History

The quokka is lightly wounded.
The quokka bites you but does no damage.
You scratch the quokka.
You kill the quokka!
You completely miss the scorpion. The scorpion closely misses you.
You completely miss the scorpion.
The scorpion stings you but does no damage.
You scratch the scorpion but do no damage.
You claw the scorpion!
The scorpion is heavily wounded.
The scorpion stings you.
You are poisoned.
The scorpion poisons you!
You completely miss the scorpion.
The scorpion is heavily wounded.
You feel very sick. The scorpion barely misses you.
You scratch the scorpion but do no damage.
The scorpion is heavily wounded.
You feel sick. The scorpion misses you.
You scratch the scorpion but do no damage.
The scorpion is heavily wounded.
You feel sick. The scorpion closely misses you.
Sorry, you're not good enough to have a special ability.
Sorry, you're not good enough to have a special ability.
You barely miss the scorpion.
The scorpion is heavily wounded.
You feel sick. The scorpion barely misses you.
You closely miss the scorpion.
The scorpion is heavily wounded.
You feel sick. The scorpion misses you.
You claw the scorpion!
You kill the scorpion!
You feel sick.
Your Unarmed Combat skill increases to level 5!
You have reached level 4!
Unknown command.
Unknown command.
You are not religious.
Are you sure you want to abandon this character and quit the game? (Confirm with "yes".)

#.# .## #. #.#
#..##+##..# #.#
....#.... #.# #.......#
#.# +.......+ # #.#
##.......## # #)#
##†...#....##
####.###...).......###.#
##..............@......#
.#.#)######....g######.#
.#...# +#...#'rg..#
.#...# ##.##s...##
.#...# #.# ....# .....#
#.# ..### ####.# #.# ###
#... ... ####. ..#


You could see a goblin.

Vanquished Creatures
  A scorpion (D:3)
  An adder (D:3)
  A worm (D:3)
  A bat (D:3)
  An endoplasm (D:3)
  3 giant cockroaches (D:3)
  3 quokkas
  2 ball pythons (D:3)
  2 goblins (D:3)
  3 kobolds
18 creatures vanquished.

Notes
Turn   | Place    | Note
-------+----------+-------------------------------------------
     0 | D:1      | comborobin the Troll Transmuter began the quest for the
                  | Orb.
     0 | D:1      | Reached XP level 1. HP: 18/18 MP: 1/1
    49 | D:1      | Found a faded altar of an unknown god.
   121 | D:3      | Reached XP level 2. HP: 24/26 MP: 2/2
   191 | D:3      | Noticed a scorpion
   197 | D:3      | Reached skill level 4 in Unarmed Combat
   197 | D:3      | Reached XP level 3. HP: 28/32 MP: 3/3
   207 | D:3      | Killed a scorpion
   208 | D:3      | Reached skill level 5 in Unarmed Combat
   208 | D:3      | Reached XP level 4. HP: 33/40 MP: 4/4
   208 | D:3      | Quit the game

Illustrated notes

Levels and vault maps discovered:
D:1:      psy_arrival_fountain, layout_loops_ring, basic_ecumenical_altar
D:2:      layout_loops_ring, small_statue_intersection,
          minmay_misc_feat_encased, uniq_crazy_yiuf_cottage, uniq_natasha
D:3:      minmay_evil_eye, layout_basic, minmay_pentangle

Skill      XL: |  1  2  3 |
---------------+----------+-----
Unarmed Combat | 4 5 |  5.1
Fighting       | |  0.7
Dodging        | |  1.5
Spellcasting   | |  1.2
Transmutations | |  1.3

Action                   |  1- 3 |  4- 6 || total
-------------------------+-------+-------++-------
Melee: Unarmed           |    55 |       ||    55
       Punch             |     1 |       ||     1
Armor: Robe              |    17 |       ||    17
Dodge: Dodged            |    28 |       ||    28

Table legend: (Time is in decaauts)
 A = Elapsed time spent in this place.
 B = Non-inter-level travel time spent in this place.
 C = Inter-level travel time spent in this place.
 D = Time resting spent in this place.
 E = Time spent auto-exploring this place.
 F = Levels seen in this place.
 G = Mean time per level.
                   A        B        C        D        E       F      G
               +--------+--------+--------+--------+--------+-----+--------+
         Total |    203 |    203 |      0 |      0 |     97 |   3 |   67.7 |
       Dungeon |    203 |    203 |      0 |      0 |     97 |   3 |   67.7 |
               +--------+--------+--------+--------+--------+-----+--------+

Top non-repeatable levels by time:
     D:1: 102 daAuts
     D:3: 92 daAuts
     D:2: 8 daAuts
